 Dungeon Crawl Stone Soup version 0.20.1-1-g8b1a95d (webtiles) character file.

164 Anon1729 the Chiller (level 5, 0/35 HPs)
             Began as a Barachi Ice Elementalist on Dec 16, 2017.
             Killed by nerve-wracking pain
             ... invoked by letownia2's ghost
              (10 damage)
             ... on level 4 of the Dungeon.
             The game lasted 00:10:01 (3016 turns).

Anon1729 the Chiller (Barachi Ice Elementalist)     Turns: 3016, Time: 00:10:02

Health: 0/35       AC:  4    Str: 10    XL:     5   Next: 45%
Magic:  10/10      EV: 13    Int: 16    God:
Gold:   112        SH:  0    Dex: 12    Spells: 4/10 levels left

rFire    . . .     SeeInvis .   l - +1 dagger (venom)
rCold    . . .     Gourm    .   (no shield)
rNeg     . . .     Faith    .   a - +0 robe
rPois    .         Spirit   .   (no helmet)
rElec    .         Reflect  .   (no cloak)
rCorr    .         Harm     .   (no gloves)
MR       .....                  (no boots)
Stlth    ++........             k - amulet of inaccuracy
Regen    0.2/turn               i - +2 ring of protection
MPRegen  0.2/turn               (no ring)

@: about to teleport, can't hop, slow
A: +LOS, swims, slowness 1, strong legs 1
a: Hop


You were on level 4 of the Dungeon.
You were not hungry.

You visited 1 branch of the dungeon, and saw 4 of its levels.

You collected 112 gold pieces.

Inventory:

Hand Weapons
 h - a +0 vampiric dagger
 l - a +1 dagger of venom (weapon)
Armour
 a - a +0 robe (worn)
Jewellery
 i - a +2 ring of protection (left hand)
 k - an amulet of inaccuracy (around neck)
 t - an uncursed amulet of the gourmand {unknown}
Scrolls
 d - a scroll of enchant weapon {unknown}
 j - a scroll of recharging {unknown}
 o - a scroll of blinking {unknown}
 q - 2 scrolls of remove curse
Potions
 e - a potion of flight {unknown}
 n - a potion of heal wounds {unknown}
 p - a potion of haste {unknown}
Books
 b - a book of Frost

   Spells                             Type                      Level
   a - Freeze                         Ice                          1
   b - Throw Frost                    Conjuration/Ice              2
   c - Ozocubu's Armour               Charms/Ice                   3
   d - Throw Icicle                   Conjuration/Ice              4
   e - Summon Ice Beast               Ice/Summoning                4
Comestibles
 c - 2 bread rations
 f - 4 fruits
 m - a royal jelly
 r - a meat ration


   Skills:
 + Level 3.1 Dodging
 + Level 2.6 Stealth
 * Level 3.4 Spellcasting
 + Level 1.8 Conjurations
 + Level 1.0 Charms
 * Level 4.7 Ice Magic


You had 4 spell levels left.
You knew the following spells:

 Your Spells              Type           Power        Failure   Level  Hunger
a - Freeze                Ice            ###.         2%          1    None
b - Throw Frost           Conj/Ice       ##....       7%          2    ##.....
c - Ozocubu's Armour      Chrm/Ice       ##......     16%         3    ###....


Dungeon Overview and Level Annotations

Branches:
Dungeon (4/15)
 Temple: D:4-7

Altars:

Annotations:
D:3 AdmiralAndromeda's ghost, amateur VSTm
D:4 letownia2's ghost, weakling DDNe


Innate Abilities, Weirdness & Mutations

Shadows flee at your approach. (+LOS)
You can swim through water.
You cover ground slowly.
You can hop short distances.


Message History

Found 13 gold pieces.
A scorpion comes into view.
Unknown command.
Hop to where?
Press: ? - help, Dir - move target cursor Boing!
Unknown command.
As you read the scroll labeled KAISMI BIGROI, it crumbles to dust.
You feel as if something is helping you.
It was a scroll of remove curse.
Unknown command.
As you read the scroll labeled QYONLEU UPNAOST, it crumbles to dust.
It is a scroll of identify.
g - a scroll of teleportation Unknown command.
As you read the scroll of teleportation, it crumbles to dust.
You feel strangely unstable.
Letownia2's ghost gestures at you while chanting.
Pain shoots through your body!
You die...

#..........# #........$.#
#...s......# #..........#
#....$.....###
#............#
#######.....W......#
########...........##..$..#
................@..# ...#
...................# .#
.........###########
.........# ..........#
..........# ....#####.#
###.# .# #.# .#


You could see a scorpion and letownia2's ghost.

Vanquished Creatures
  Jessica (D:2)
  An iguana (D:4)
  3 adders
  2 worms (D:2)
  3 dart slugs
  3 leopard geckos
  8 bats
  4 giant cockroaches
  9 goblins
  7 hobgoblins
  8 jackals (D:2)
  3 frilled lizards
  12 kobolds
  6 rats
70 creatures vanquished.

Notes
Turn   | Place    | Note
-------+----------+-------------------------------------------
     0 | D:1      | Anon1729 the Barachi Ice Elementalist began the quest for the Orb.
     0 | D:1      | Reached XP level 1. HP: 13/13 MP: 3/3
   234 | D:1      | Reached XP level 2. HP: 5/19 MP: 0/5
   950 | D:1      | Reached XP level 3. HP: 24/24 MP: 6/6
  1481 | D:2      | Learned a level 2 spell: Throw Frost
  1485 | D:2      | Learned a level 3 spell: Ozocubu's Armour
  1655 | D:2      | Reached skill level 4 in Ice Magic
  1655 | D:2      | Reached XP level 4. HP: 11/30 MP: 4/8
  1853 | D:2      | Noticed Jessica
  1862 | D:2      | Killed Jessica
  2188 | D:2      | Reached XP level 5. HP: 35/35 MP: 1/10
  2959 | D:3      | Noticed AdmiralAndromeda's ghost (amateur VSTm)
  2990 | D:4      | Reached skill level 1 in Charms
  3010 | D:4      | Noticed letownia2's ghost (weakling DDNe)
  3016 | D:4      | Killed from afar by letownia2's ghost

Skill      XL: |  1  2  3  4  5 |
---------------+----------------+-----
Stealth        | 2 |  2.6
Spellcasting   | 3 |  3.4
Ice Magic      | 4 |  4.7
Dodging        | 3 |  3.1
Charms         | 1 |  1.0
Conjurations   | |  1.8

Action                   |  1- 3 |  4- 6 || total
-------------------------+-------+-------++-------
Melee: Dagger            |    83 |   101 ||   184
 Cast: Freeze            |    30 |    18 ||    48
       Throw Frost       |       |     4 ||     4
 Abil: Hop               |     1 |     1 ||     2
  Use: Scroll            |       |     3 ||     3
 Stab: Sleeping          |     3 |       ||     3
       Distracted        |     1 |       ||     1
  Eat: Chunk             |     3 |     5 ||     8
Armor: Robe              |    36 |    35 ||    71
Dodge: Dodged            |    91 |    78 ||   169
